 Dungeon Crawl Stone Soup version 0.24-a0-530-g18ba70b503 (webtiles) character file.

Game seed: 1160917073489011724

9165 Bikalo the Destroyer (level 11, -5/94 HPs)
             Began as a Black Draconian Conjurer on Aug 8, 2019.
             Was an Elder of Vehumet.
             Slain by Snorg (21 damage)
             ... on level 11 of the Dungeon.
             The game lasted 00:32:55 (12550 turns).

Bikalo the Destroyer (Black Draconian Conjurer)    Turns: 12550, Time: 00:32:55

Health: -5/94      AC:  8    Str: 10    XL:     11   Next: 19%
Magic:  4/30       EV: 16    Int: 22    God:    Vehumet [****..]
Gold:   1058       SH:  6    Dex: 12    Spells: 7/24 levels left

rFire    . . .     SeeInvis .   u - +8 whip "Snakebite" {curare, rPois}
rCold    . . .     Gourm    .   j - +1 buckler
rNeg     . . .     Faith    +   (armour unavailable)
rPois    +         Spirit   .   (helmet restricted)
rElec    +         Reflect  .   p - scarf {cloud immunity}
rCorr    .         Harm     .   e - +0 pair of gloves
MR       .....                  (no boots)
Stlth    ++........             k - amulet of faith
HPRegen  0.25/turn              y - +3 ring of intelligence
MPRegen  0.22/turn              I - ring of magical power

@: no status effects
A: breathe lightning, unfitting armour, electricity resistance, cold-blooded, AC
+7
a: Breathe Lightning, Renounce Religion


You were on level 11 of the Dungeon.
You worshipped Vehumet.
Vehumet was greatly pleased with you.
You were near starving.

You visited 2 branches of the dungeon, and saw 12 of its levels.

You collected 1058 gold pieces.

Inventory:

Hand Weapons
 u - the +8 whip "Snakebite" (weapon) {curare, rPois}
   (You found it on level 4 of the Dungeon)

   It poisons the flesh of those it strikes.
   It protects you from poison.
Armour
 e - a +0 pair of gloves (worn)
 j - a +1 buckler (worn)
 p - a scarf of cloud immunity (worn)
Jewellery
 k - an amulet of faith (around neck)
 o - an uncursed ring of fire
 y - a +3 ring of intelligence (left hand)
 z - a +3 ring of intelligence
 D - an uncursed ring of resist corrosion
 H - an uncursed ring of flight
 I - a ring of magical power (right hand)
Wands
 w - a wand of digging (5)
 x - a wand of flame (19)
 E - a wand of disintegration (17)
 G - a wand of acid (8)
Scrolls
 a - a scroll of enchant weapon
 c - 2 scrolls of noise
 d - a scroll of fog
 g - a scroll of identify
 h - 6 scrolls of remove curse
 s - a scroll of magic mapping
 t - a scroll of teleportation
 F - a scroll of enchant armour
Potions
 f - 4 potions of curing
 i - a potion of degeneration {unknown}
 l - a potion of brilliance
 m - 4 potions of might
 n - 5 potions of heal wounds
 q - 2 potions of lignification
 r - a potion of invisibility {unknown}
 v - a potion of resistance
 A - a potion of flight
 B - 2 potions of agility {unknown}
 C - 2 potions of berserk rage {unknown}
Comestibles
 b - 23 rations


   Skills:
 + Level 7.8 Fighting
 - Level 2.0 Maces & Flails
 + Level 7.3 Dodging
 - Level 1.7 Stealth
 - Level 4.9 Shields
 - Level 7.0 Spellcasting
 * Level 11.7 Conjurations
 + Level 4.1 Translocations


You had 7 spell levels left.
You knew the following spells:

 Your Spells              Type           Power        Failure   Level  Hunger
a - Magic Dart            Conj           ####         1%          1    None
b - Searing Ray           Conj           ######       1%          2    None
c - Dazzling Spray        Conj/Hex       ####..       1%          3    None
d - Iskenderun's Mystic   Conj           ######..     1%          4    ###....
e - Fulminant Prism       Conj/Hex       ####......   2%          4    ###....
f - Gell's Gravitas       Tloc           ####......   4%          3    None

Your spell library contained the following spells:

 Spells                   Type           Power        Failure   Level  Hunger
 Conjure Flame            Conj/Fire      ####....     1%          3    None
 Stone Arrow              Conj/Erth      ####..       1%          3    None
 Force Lance              Conj/Tloc      #####...     1%          4    ###....
 Sandblast                Erth           #.....       2%          1    None
 Confusing Touch          Hex            #.....       9%          1    None
 Passwall                 Tmut/Erth      #.......     12%         2    None
 Confuse                  Hex            #.......     24%         3    None
 Lee's Rapid Deconstruct  Erth           #.........   47%         5    #####..
 Yara's Violent Unravell  Hex/Tmut       #.........   47%         5    #####..
 Petrify                  Tmut/Erth      #.......     63%         4    ###....
 Metabolic Englaciation   Hex/Ice        #.........   92%         5    #####..


Dungeon Overview and Level Annotations

Branches:
Dungeon (11/15)            Temple (1/1) D:5            Lair (0/6) D:10
    Orc (0/2) D:11

Altars:
Ashenzari
Cheibriados
Dithmenos
Elyvilon
Fedhas
Gozag
Hepliaklqana
Kikubaaqudgha
Makhleb
Nemelex Xobeh
Okawaru
Qazlal
Ru
Sif Muna
Trog
Uskayaw
Vehumet
Wu Jian
Xom
Yredelemnul
Zin
The Shining One

Shops:
D:4 *   D:5 (   D:11 (

Annotations:
D:11 Maurice, Snorg


Innate Abilities, Weirdness & Mutations

You can breathe wild blasts of lightning.
Your glossy black scales are hard. (AC +7)
You cannot fit into any form of body armour.
You are resistant to electric shocks. (rElec)
You are cold-blooded and may be slowed by cold attacks.


Message History

Aim: Snorg (moderately wounded, berserk, fast, unusually strong, poisoned, blind)
The orb of energy misses Snorg.
You are near starving!
Snorg bites you. Snorg misses you. Snorg closely misses you. x3
Snorg barely misses you.
Casting: Iskenderun's Mystic Blast (safe; 1% risk of failure)
Confirm with . or Enter, or press ? or * to list all spells.
Aiming: Iskenderun's Mystic Blast (safe; 1% risk of failure)
Press: ? - help, Shift-Dir - straight line, f/p - Snorg
Aim: Snorg (moderately wounded, berserk, fast, unusually strong, poisoned, blind)
The orb of energy hits Snorg!!
Snorg is heavily wounded.
The orb of energy explodes!
Snorg is no longer blind.
Snorg bites you!
* * * LOW HITPOINT WARNING * * *
You block Snorg's attack. x2
Snorg rages.
Snorg bites you.
* * * LOW HITPOINT WARNING * * *
Snorg closely misses you. Snorg claws you!!
You die...

#.......#####.# >K..
...#.. #..............
...% ### #..............
..... #.>....).......
..... #.....)<.......
.o...[ #.......#######
#K..... #.......#
####....... #.......#
#####.T().@...)
#.....).####....@####.....
#.......#....##### ...
######....#### #
#.....#######
#####........ #########


You could see Snorg (berserk), Maurice, an orc and a kobold.

Vanquished Creatures
  Erica (D:9)
  A two-headed ogre (D:10)
  Pikel (D:7)
  A kobold demonologist (D:8)
  Grinder (D:4)
  2 hippogriffs
  2 meliai zombies (D:10)
  A wyvern (D:9)
  A human (D:7)
  Eustachio (D:5)
  4 hogs (D:7)
  A basilisk (D:10)
  6 yaks
  Menkaure (D:5)
  Duvessa (D:4)
  3 orc warriors
  2 sky beasts (D:10)
  2 ice beasts
  2 phantoms
  2 ogres
  A crocodile (D:10)
  2 big kobolds
  Blork the orc (D:5)
  A gnoll sergeant (D:6)
  3 bullfrogs
  Dowan (D:4)
  5 scorpions
  2 howler monkeys (D:8)
  4 wights (D:10)
  7 crimson imps
  2 bullfrog zombies
  2 bullfrog skeletons
  2 hounds
  2 jellies
  2 centaur zombies (D:10)
  12 orc priests
  4 orc wizards
  6 iguanas
  Ijyb (D:5)
  8 worker ants
  A spectral hound (D:10)
  2 hound zombies
  A hound skeleton (D:10)
  A mummy (D:6)
  3 worker ant zombies
  13 adders
  4 gnolls (D:6)
  A shadow imp (D:7)
  2 oozes
  2 adder skeletons
  2 adder zombies
  2 worms
  4 dart slugs
  5 leopard geckos
  24 orcs
  7 giant cockroaches
  9 goblins
  7 hobgoblins
  13 jackals
  4 quokkas
  3 ball pythons
  10 bats
  4 frilled lizards
  10 kobolds
  11 rats
249 creatures vanquished.

Vanquished Creatures (others)
  A shadow imp (D:7)
  2 fulminant prisms
  2 fungi (D:4)
5 creatures vanquished.

Grand Total: 254 creatures vanquished

Notes
Turn   | Place    | Note
-------+----------+-------------------------------------------
     0 | D:1      | Bikalo the Draconian Conjurer began the quest for the Orb.
     0 | D:1      | Reached XP level 1. HP: 14/14 MP: 3/3
   539 | D:1      | Reached XP level 2. HP: 7/20 MP: 0/5
   543 | D:1      | Learned a level 2 spell: Searing Ray
  1240 | D:1      | Reached XP level 3. HP: 26/26 MP: 1/6
  2006 | D:2      | Reached XP level 4. HP: 29/33 MP: 2/7
  2427 | D:2      | Reached skill level 5 in Conjurations
  2681 | D:2      | Found a shadowy altar of Dithmenos.
  2754 | D:2      | Reached skill level 1 in Shields
  2801 | D:2      | Learned a level 3 spell: Dazzling Spray
  2893 | D:3      | Found a white marble altar of Elyvilon.
  3052 | D:3      | Found a faded altar of an unknown god.
  3434 | D:3      | Reached XP level 5. HP: 11/38 MP: 3/9
  3741 | D:3      | Found a glowing silver altar of Zin.
  3741 | D:3      | Noticed an angel
  3884 | D:4      | Found Doprorphe's Elemental Accessories.
  3884 | D:4      | Noticed an ogre
  4002 | D:4      | Killed an ogre
  4051 | D:4      | Reached skill level 5 in Dodging
  4051 | D:4      | Reached skill level 5 in Spellcasting
  4051 | D:4      | Reached skill level 9 in Conjurations
  4051 | D:4      | Reached XP level 6. HP: 44/55 MP: 0/14
  4323 | D:4      | Learned a level 4 spell: Iskenderun's Mystic Blast
  4385 | D:4      | Your scales start taking on a glossy black colour.
  4385 | D:4      | Reached XP level 7. HP: 60/60 MP: 6/15
  4385 | D:4      | Gained mutation: You are resistant to electric shocks.
                  | (rElec) [Black Draconian growth]
  4521 | D:4      | Noticed Grinder
  4523 | D:4      | Found the +8 whip "Snakebite" {curare, rPois}
  4526 | D:4      | Killed Grinder
  4526 | D:4      | Reached skill level 5 in Fighting
  4634 | D:4      | Found a sparkling altar of Nemelex Xobeh.
  4779 | D:4      | Noticed Dowan
  4780 | D:4      | Noticed Duvessa
  4795 | D:5      | Entered Level 5 of the Dungeon
  4915 | D:5      | Noticed Eustachio
  4925 | D:5      | Killed Eustachio
  4925 | D:5      | Reached XP level 8. HP: 43/68 MP: 16/16
  5156 | D:5      | Noticed Menkaure
  5159 | D:5      | Found Nelo's Antique Weapon Emporium.
  5166 | D:5      | Killed Menkaure
  5166 | D:5      | Reached skill level 1 in Maces & Flails
  5537 | D:5      | Noticed Blork the orc
  5550 | D:5      | Killed Blork the orc
  5599 | D:5      | Found a staircase to the Ecumenical Temple.
  5614 | Temple   | Entered the Ecumenical Temple
  5652 | Temple   | Became a worshipper of Vehumet
  5778 | D:5      | Noticed Ijyb
  5792 | D:5      | Killed Ijyb
  6205 | D:4      | Killed Duvessa
  6208 | D:4      | Killed Dowan
  6253 | D:4      | Found a deep blue altar of Sif Muna.
  6338 | D:4      | You fall into a shaft and drop 2 floors!
  6369 | D:6      | Learned a level 4 spell: Fulminant Prism
  6517 | D:6      | Found a snail-covered altar of Cheibriados.
  6618 | D:6      | Reached * piety under Vehumet
  6618 | D:6      | Offered knowledge of Sandblast by Vehumet.
  6618 | D:6      | Reached XP level 9. HP: 49/75 MP: 18/18
  6680 | D:6      | Found a bloodstained altar of Trog.
  6694 | D:6      | Found a hazy altar of Hepliaklqana.
  6697 | D:6      | Found an ornate altar of the Wu Jian Council.
  6700 | D:6      | Found a shattered altar of Ashenzari.
  6739 | D:6      | Found an iron altar of Okawaru.
  7225 | D:4      | Reached skill level 10 in Conjurations
  7411 | D:7      | Found a basalt altar of Yredelemnul.
  7433 | D:7      | Noticed Pikel
  7447 | D:7      | Killed Pikel
  7540 | D:7      | Found an opulent altar of Gozag.
  7624 | D:7      | Found a sparkling altar of Nemelex Xobeh.
  7662 | D:7      | Learned a level 3 spell: Gell's Gravitas
  7682 | D:7      | Found a blossoming altar of Fedhas.
  7797 | D:7      | Reached skill level 1 in Translocations
  8173 | D:8      | Offered knowledge of Freeze by Vehumet.
  8348 | D:8      | Reached ** piety under Vehumet
  8402 | D:8      | Noticed a kobold demonologist
  8403 | D:8      | Noticed a rust devil
  8415 | D:8      | Killed a kobold demonologist
  8415 | D:8      | Reached XP level 10. HP: 55/84 MP: 19/19
  9182 | D:9      | Found a shimmering altar of Xom.
  9198 | D:9      | Noticed Erica
  9620 | D:9      | Offered knowledge of Throw Flame by Vehumet.
  9630 | D:9      | Reached skill level 11 in Conjurations
  9759 | D:9      | Reached *** piety under Vehumet
  9776 | D:9      | Killed Erica
  9888 | D:9      | Found a burning altar of Makhleb.
 10554 | D:10     | Entered Level 10 of the Dungeon
 10771 | D:10     | Offered knowledge of Throw Icicle by Vehumet.
 10834 | D:10     | Noticed a two-headed ogre
 11272 | D:10     | Found a staircase to the Lair.
 11354 | D:10     | Reached XP level 11. HP: 92/92 MP: 13/21
 11513 | D:10     | Killed a two-headed ogre
 11692 | D:10     | Reached **** piety under Vehumet
 12074 | D:11     | Noticed Snorg
 12077 | D:11     | Offered knowledge of Conjure Flame by Vehumet.
 12094 | D:11     | Found a staircase to the Orcish Mines.
 12094 | D:11     | Found Voub's Weapon Emporium.
 12094 | D:11     | Noticed Maurice
 12550 | D:11     | Slain by Snorg

Levels and vault maps discovered:
D:1:      mrwooster_arrival_statue_2, layout_basic, minmay_pentomino_v2
D:2:      layout_basic, lemuel_doored_altar, first_ration
D:3:      layout_loops_ring, zin_angel, chequers_ecumenical_altar_grove,
          portal_sewer_entry_e, grunt_decor_arrowhead, elyvilon_altar_3
D:4:      old_forge, layout_layer_cave, kennysheep_mini_moat,
          nicolae_elemental_shop, minmay_misc_feat_chi, corexii_shack,
          nemelex_spade_bored_becter, uniq_grinder, uniq_duvessa
D:5:      layout_rooms, minmay_temple_entry_proselytizer, serial_shops, shop,
          hex_large, hangedman_abyss_or_decor_slice, dk_vineyard_3,
          uniq_menkaure, uniq_blork_the_orc, uniq_ijyb, uniq_eustachio
D:6:      layout_cave_pools, grunt_temple_overflow_cloverleaf,
          kennysheep_okawaru_gauntlet, slow_altar_1
D:7:      layout_loops_ring, nemelex_xobeh_ov_fountains_minmay,
          grunt_gozag_breadcrumbs, kennysheep_mini, fedhas_altar_2,
          grunt_livestock, uniq_pikel
D:8:      layout_loops_ring, minmay_splitting_lines
D:9:      minmay_goldmine, layout_loops_corners, basic_altar, serial_rivers,
          chequers_serial_rivers_marsh, chequers_serial_rivers_room_b,
          chequers_serial_rivers_room_a, chequers_serial_rivers_micro_e,
          chequers_serial_rivers_micro_a, david_defended_altar_elf, uniq_erica
D:10:     layout_grid_maze, david_lair_generic, hangedman_weighted_door
D:11:     layout_rooms, orc_david_3, nicolae_trove_entry_diagonal, minivault_16,
          uniq_snorg, uniq_maurice
Temple:   jpeg_temple_island

Skill      XL: |  1  2  3  4  5  6  7  8  9 10 11 |
---------------+----------------------------------+-----
Dodging        | 2 5 6 7 |  7.3
Conjurations   | 5 9 10 11 | 11.7
Shields        | 1 4 |  4.9
Spellcasting   | 5 6 7 |  7.0
Fighting       | 4 5 6 7 |  7.8
Maces & Flails | 1 2 |  2.0
Translocations | 1 3 4 |  4.1
Stealth        | |  1.7

Action                   |  1- 3 |  4- 6 |  7- 9 | 10-12 || total
-------------------------+-------+-------+-------+-------++-------
Melee: Unarmed           |    48 |       |       |       ||    48
       Tailslap          |     4 |     8 |    24 |    22 ||    58
       Dagger            |    25 |    71 |     3 |       ||    99
       Whip              |       |       |   259 |   177 ||   436
 Cast: Magic Dart        |    57 |    64 |    15 |    12 ||   148
       Searing Ray       |     1 |     3 |       |     1 ||     5
       Dazzling Spray    |       |     3 |     9 |     3 ||    15
       Iskenderun's Myst |       |     1 |    11 |    57 ||    69
       Gell's Gravitas   |       |       |     1 |       ||     1
       Fulminant Prism   |       |       |       |     2 ||     2
 Abil: Breathe Lightning |       |       |     1 |       ||     1
  Use: Potion            |       |     7 |       |     3 ||    10
       Scroll            |       |       |     2 |    12 ||    14
 Stab: Sleeping          |     2 |     3 |     5 |     4 ||    14
       Invisible         |       |       |     1 |       ||     1
       Distracted        |       |       |     1 |       ||     1
  Eat: Chunk             |     4 |     6 |    14 |     6 ||    30
       Ration            |       |     1 |       |     3 ||     4
Armor: Skin              |    28 |    34 |    52 |    47 ||   161
Dodge: Dodged            |    63 |    58 |   147 |   138 ||   406
Block: Buckler           |     2 |    17 |    45 |    56 ||   120

Table legend:
 A = Non-vault XP
 B = Vault XP
 C = Vault XP percentage of total XP
 D = Non-vault monster count
 E = Vault monster count
 F = Vault count percentage of total count
                 A         B        C        D         E       F
            +---------+---------+-------+---------+---------+-------
      Total |    7555 |    5203 |  40.8 |     199 |      50 |  20.1
            +---------+---------+-------+---------+---------+-------
        D:1 |      53 |       2 |   3.6 |      26 |       1 |   3.7
        D:2 |      97 |       0 |   0.0 |      27 |       0 |   0.0
        D:3 |      73 |       0 |   0.0 |      17 |       0 |   0.0
        D:4 |     266 |     763 |  74.1 |      14 |      14 |  50.0
        D:5 |     611 |     548 |  47.3 |      19 |       5 |  20.8
        D:6 |     387 |      22 |   5.4 |      14 |       3 |  17.6
        D:7 |     168 |    1605 |  90.5 |       6 |       6 |  50.0
        D:8 |    1411 |       0 |   0.0 |      18 |       0 |   0.0
        D:9 |    1689 |    1396 |  45.3 |      26 |      12 |  31.6
       D:10 |    2410 |     867 |  26.5 |      22 |       9 |  29.0
       D:11 |     390 |       0 |   0.0 |      10 |       0 |   0.0
            +---------+---------+-------+---------+---------+-------
